 Dungeon Crawl Stone Soup version 0.17-a0-483-g810ce3f (webtiles) character file.

57 Radiman the Cudgeler (level 3, 0/31 HPs)
             Began as a Centaur Fighter on Apr 8, 2015.
             Succumbed to an adder's poison
             ... on level 2 of the Dungeon.
             The game lasted 00:02:51 (892 turns).

Radiman the Cudgeler (Centaur Fighter)               Turns: 892, Time: 00:02:51

Health: 0/31       AC:  7    Str: 18    XL:     3   Next: 73%
Magic:  3/3        EV:  5    Int:  7    God:
Gold:   53         SH:  8    Dex:  9    Spells: 0 memorised, 2 levels left

rFire  . . .     SeeInvis .     a - +0 flail
rCold  . . .     Clarity  .     b - +0 scale mail
rNeg   . . .     SustAb   .     c - +0 shield
rPois  .         Gourm    .     (no helmet)
rElec  .         Spirit   .     q - +0 cloak (curse)
rCorr  .         Warding  .     (no gloves)
rMut   .         Stasis   .     (no barding)
MR     .....                    (no amulet)
Stlth  ..........               (no ring)
                                (no ring)

@: lethally poisoned (0 -> -8), very quick, not resistant to hostile
enchantments, extremely unstealthy
A: hooves 3, deformed body, speed 2, tough skin 3
a: no special abilities


You were on level 2 of the Dungeon.
You were not hungry.

You visited 1 branch of the dungeon, and saw 2 of its levels.

You collected 53 gold pieces.

Inventory:

Hand weapons
 a - a +0 flail (weapon)
Armour
 b - a +0 scale mail (worn)
 c - a +0 shield (worn)
 q - a cursed +0 cloak (worn)
Scrolls
 g - 2 scrolls of remove curse {unknown}
 i - a scroll of recharging {unknown}
 k - 2 scrolls of identify {unknown}
 l - 3 scrolls of teleportation {unknown}
 p - a scroll of enchant weapon {unknown}
 r - a scroll of amnesia {unknown}
Potions
 e - a potion of might
 f - a potion of haste {unknown}
 m - a potion of heal wounds {unknown}
 n - a potion of cancellation {unknown}
 o - a potion of resistance {unknown}
 s - a potion of poison {unknown}
 t - a potion of agility {unknown}
 u - a potion of invisibility {unknown}
Comestibles
 d - a bread ration
 h - 3 chunks of flesh
 j - 2 meat rations


   Skills:
 - Level 3.0 Fighting
 * Level 3.7 Maces & Flails
 - Level 2.1 Armour
 - Level 2.1 Shields


You had 2 spell levels left.
You didn't know any spells.

Dungeon Overview and Level Annotations

Branches:
Dungeon (2/15)

Altars:


Innate Abilities, Weirdness & Mutations

You have hooves in place of feet.
Armour fits poorly on your strangely shaped body.
You cover ground very quickly.
You have extremely tough skin (AC +3).


Message History

You are lethally poisoned!
The adder poisons you! The adder bites you but does no damage.
You miss the adder. You kick the adder, but do no damage.
The adder is severely wounded.
* * * LOW HITPOINT WARNING * * *
You feel sick. The adder bites you but does no damage. The adder bites you.
* * * LOW HITPOINT WARNING * * *
Your shield and scale mail prevent you from hitting the adder.
The adder is severely wounded.
* * * LOW HITPOINT WARNING * * *
You feel sick. The adder bites you.
* * * LOW HITPOINT WARNING * * *
You closely miss the adder. Your kick misses the adder.
The adder is severely wounded.
* * * LOW HITPOINT WARNING * * *
You feel sick. You block the adder's attack.
The adder bites you but does no damage.
You barely miss the adder.
The adder is severely wounded.
You die...

#........#...## #####.### #
#.............# #.....#
#.............#### ##.#####
#................###..#
#.............##.....########.
.......###.......##...........
....... ##...#.....###.......
?......####..####.........###
##.........gS@...#.....###
#(###....##########.....# .
###...#########..##.###
#..#........>#.#.....###
....####.#####...#........
##### ##...###...##.......#
##........#.##........
#.......###.##.....#>.
#......## #..#.....#..


You could see an adder and a goblin.

Vanquished Creatures
  2 adders (D:2)
  3 giant geckos
  2 oozes
  3 giant cockroaches
  2 hobgoblins (D:1)
  5 jackals (D:1)
  4 kobolds
  3 bats (D:1)
  2 giant newts
  3 goblins (D:1)
  7 rats
36 creatures vanquished.

Notes
Turn   | Place    | Note
--------------------------------------------------------------
     0 | D:1      | Radiman, the Centaur Fighter, began the quest for the Orb.
     0 | D:1      | Reached XP level 1. HP: 19/19 MP: 1/1
   142 | D:1      | Reached XP level 2. HP: 21/26 MP: 2/2
   587 | D:1      | Reached XP level 3. HP: 31/31 MP: 3/3
   891 | D:2      | HP: 1/31 [poisoned by an adder]
   892 | D:2      | Succumbed to an adder's poison

Action                   || total
-------------------------++-------
Melee: Flail             ||   118
